 Dungeon Crawl Stone Soup version 0.21-a0-79-g04744e2 (webtiles) character file.

24600 vev the Carver (level 12, -7/83 HPs)
             Began as a Vampire Fire Elementalist on June 22, 2017.
             Was a High Priest of Kikubaaqudgha.
             Killed by divine providence
             ... invoked by a meliai
              (11 damage)
             ... on level 4 of the Lair of Beasts.
             The game lasted 02:22:57 (26151 turns).

vev the Carver (Vampire Fire Elementalist)         Turns: 26151, Time: 02:22:58

Health: -7/83      AC:  7    Str: 13    XL:     12   Next: 82%
Magic:  0/20       EV: 16    Int: 18    God:    Kikubaaqudgha [*****.]
Gold:   1351       SH:  7    Dex: 15    Spells: 4/22 levels left

rFire    + . .     SeeInvis +   a - +8 demon blade "Leech" {vamp, rN+ AC-3 EV-3}
rCold    + + +     Gourm    .   m - +2 buckler
rNeg     + + +     Faith    .   O - +2 robe {rC+ rF+}
rPois    ∞         Spirit   +   R - +0 helmet
rElec    .         Reflect  .   H - +2 cloak {rPois}
rCorr    .         Harm     .   S - +1 pair of gloves
MR       +....                  (no boots)
Stlth    ++++++++..             x - amulet of guardian spirit
HPRegen  0.00/turn              K - ring of Xapuangy {rN+ Str+2}
MPRegen  0.17/turn              L - ring of stealth

@: bloodless, non-regenerating
A: fangs 3, see invisible, unbreathing
a: Bat Form, Receive Corpses, Torment, Renounce Religion


You were on level 4 of the Lair of Beasts.
You worshipped Kikubaaqudgha.
Kikubaaqudgha was extremely pleased with you.
You were bloodless.

You visited 3 branches of the dungeon, and saw 17 of its levels.
You also visited: Ice Cave.

You collected 1351 gold pieces.

Inventory:

Hand Weapons
 a - the +8 demon blade "Leech" (weapon) {vamp, rN+ AC-3 EV-3}
   (You found it on level 5 of the Dungeon)

   It inflicts no extra harm, but heals its wielder when it wounds a living foe.
   It affects your AC (-3).
   It affects your evasion (-3).
   It protects you from negative energy.
 b - a +4 dagger of speed
Missiles
 c - 4 throwing nets (quivered)
Armour
 m - a +2 buckler (worn)
 H - a +2 cloak of poison resistance (worn)
 O - a +2 robe of resistance (worn)
 R - a +0 helmet (worn)
 S - a +1 pair of gloves (worn)
 T - a +0 large shield of reflection
Jewellery
 f - an uncursed ring of protection from magic {unknown}
 n - a +2 ring of dexterity {unknown}
 x - an amulet of guardian spirit (around neck)
 y - an uncursed amulet of regeneration {unknown}
 K - the ring of Xapuangy (left hand) {rN+ Str+2}
   (You found it on level 7 of the Dungeon)

   [ring of positive energy]

   It affects your strength (+2).
   It protects you from negative energy.
 L - a ring of stealth (right hand)
 Q - an uncursed ring of see invisible {unknown}
Wands
 e - a wand of acid (12/15)
 v - a wand of confusion (13/48)
 I - a wand of confusion (28/48)
 U - a wand of acid (8/15)
Scrolls
 g - 2 scrolls of amnesia {unknown}
 j - 5 scrolls of teleportation
 r - 2 scrolls of random uselessness {unknown}
 t - 2 scrolls of blinking {unknown}
 u - a scroll of recharging
 A - 2 scrolls of fog {unknown}
 B - 2 scrolls of immolation
 D - 3 scrolls of remove curse {unknown}
 J - 2 scrolls of fear {unknown}
 M - a scroll of acquirement {unknown}
 P - a scroll of vulnerability {unknown}
 V - a scroll of identify
Potions
 h - 2 potions of flight {unknown}
 i - a potion of invisibility {unknown}
 k - 2 potions of agility
 l - 3 potions of curing
 o - a potion of might {unknown}
 p - 2 potions of resistance
 q - 29 potions of blood
 s - 7 potions of heal wounds {unknown}
 z - 2 potions of brilliance {unknown}
 C - a potion of mutation {unknown}
 G - 3 potions of lignification {unknown}
Books
 w - a book of Callings

   Spells                             Type                      Level
   a - Summon Small Mammal            Summoning                    1
   b - Call Imp                       Summoning                    2
   c - Call Canine Familiar           Summoning                    3
   d - Summon Guardian Golem          Hexes/Summoning              3
   e - Summon Lightning Spire         Summoning/Air                4
   f - Summon Ice Beast               Ice/Summoning                4
 E - Kikubaaqudgha's Tome of Stolen Souls
   (Kikubaaqudgha gifted it to you on level 7 of the Dungeon)

   Spells                             Type                      Level
   a - Animate Skeleton               Necromancy                   1
   b - Corpse Rot                     Necromancy                   2
   c - Sublimation of Blood           Necromancy                   2
   d - Vampiric Draining              Necromancy                   3
   e - Control Undead                 Necromancy                   4
 F - a book of Battle

   Spells                             Type                      Level
   a - Infusion                       Charms                       1
   b - Shroud of Golubria             Charms/Translocation         2
   c - Song of Slaying                Charms                       2
   d - Spectral Weapon                Hexes/Charms                 3
   e - Regeneration                   Charms/Necromancy            3
 N - Kikubaaqudgha's Handbook of Necromancy
   (Kikubaaqudgha gifted it to you on level 9 of the Dungeon)

   Spells                             Type                      Level
   a - Animate Dead                   Necromancy                   4
   b - Agony                          Necromancy                   5
   c - Cigotuvi's Embrace             Necromancy                   5
   d - Dispel Undead                  Necromancy                   5
   e - Death Channel                  Necromancy                   6
Miscellaneous
 d - a fan of gales


   Skills:
 + Level 4.1 Fighting
 - Level 14.0 Long Blades
 - Level 10.7 Dodging
 - Level 10.3 Stealth
 - Level 4.0 Shields
 - Level 5.9 Spellcasting
 - Level 2.3 Conjurations
 - Level 3.2 Summonings
 - Level 3.9 Necromancy
 - Level 3.0 Fire Magic
 - Level 3.0 Evocations


You had 4 spell levels left.
You knew the following spells:

 Your Spells              Type           Power        Failure   Level  Hunger
b - Flame Tongue          Conj/Fire      ###..        4%          1    None
c - Conjure Flame         Conj/Fire      ###.....     12%         3    ##.....
d - Vampiric Draining     Necr           ###.......   7%          3    ##.....
f - Sticky Flame          Conj/Fire      ###.....     36%         4    ####...
g - Call Imp              Summ           ###.....     4%          2    None
i - Summon Butterflies    Summ           ###.....     3%          1    None
s - Call Canine Familiar  Summ           ###.....     10%         3    ##.....
z - Apportation           Tloc           #.....       12%         1    None


Dungeon Overview and Level Annotations

Branches:
Dungeon (12/15)            Temple (1/1) D:4            Lair (4/6) D:11
 Shoals (0/4) Lair:4          Orc (0/2) D:10
  Snake: Lair:2-4    Spider: Lair:2-4

Altars:
Ashenzari
Cheibriados
Dithmenos
Elyvilon
Gozag
Hepliaklqana
Kikubaaqudgha
Nemelex Xobeh
Okawaru
Ru
Sif Muna
Trog
Uskayaw
Vehumet
Xom
Yredelemnul
Zin
The Shining One

Shops:
D:8 *

Annotations:
D:8 1 exclusion
D:11 exclusion: downstairs
D:12 !dont, Frances


Innate Abilities, Weirdness & Mutations

You do not heal naturally.
You are immune to poison.
You have razor-sharp teeth.
You have supernaturally acute eyesight. (SInv)
You can survive without breathing.


Message History

Unknown command.
Unknown command.
The meliai invokes the aid of its god against you.
Something smites you!
* * * LOW MAGIC WARNING * * *;
* * * LOW HITPOINT WARNING * * *
The killer bee misses you.
The killer bee closely misses you. x2; You riposte.
You barely miss the killer bee. The killer bee barely misses you.
You riposte.
You miss the killer bee.
The killer bee is severely wounded.
The meliai calls down the wrath of its god upon you.
Something smites you!
* * * LOW MAGIC WARNING * * *;
* * * LOW HITPOINT WARNING * * *
The meliai calls upon its god to heal the killer bee.
The killer bee is healed somewhat.
The killer bee stings you.
* * * LOW HITPOINT WARNING * * *
You block the killer bee's attack. The killer bee misses you.
The meliai invokes the aid of its god against you.
Something smites you!
You die...
Kikubaaqudgha rasps: "You have failed me!
Welcome... oblivion!"

................
.................
P......P...............
##.P..P.P..............
##..PPP...PP............
..P......y....#....../..
#..PP...P.§...##........
#..P...yyy.....$...##...
#P.P.P.@yy§...(.....#...
..P.....yy..P........#..
....PP..................
.......P.............#..
...P.....P.P.....>..###.
..P......PP.............
..##....................
.. #...#.##.............
## ##.......P.###


You could see 3 meliai and 5 killer bees.

Vanquished Creatures
  A hydra (Lair:1)
  2 ice dragons (IceCv)
  Harold (Lair:2)
  Urug (D:11)
  Sonja (Lair:3)
  An oklob plant (Lair:3)
  4 elephants (Lair:2)
  2 ice statues (IceCv)
  4 spiny frogs
  Maurice (D:8)
  2 rime drakes (IceCv)
  2 komodo dragons (Lair:1)
  2 ice devils (Lair:3)
  2 trolls (D:11)
  2 blink frogs (Lair:1)
  2 hornets
  2 hippogriffs
  Sigmund (D:5)
  A wraith (D:10)
  14 yaks
  2 hungry ghosts
  A steam dragon (D:9)
  Menkaure (D:5)
  Duvessa (D:6)
  3 porcupines
  6 water moccasins
  A slave (D:5)
  15 ice beasts
  8 orc warriors
  5 phantoms
  A sky beast (D:5)
  2 black bears
  4 ogres
  6 centaurs
  4 wolves (Lair:2)
  7 crocodiles
  4 big kobolds
  15 bullfrogs
  Dowan (D:6)
  3 scorpions
  5 killer bees
  3 centaur zombies
  A bullfrog zombie (D:11)
  4 jellies
  A quasit (D:10)
  5 orc priests
  2 centaur skeletons
  4 crimson imps
  4 hounds
  2 bullfrog skeletons
  2 iguanas
  11 orc wizards
  6 worker ants
  2 hound skeletons
  19 adders
  2 oozes (D:1)
  3 adder zombies
  An adder skeleton (D:5)
  4 worms (D:2)
  3 dart slugs
  5 leopard geckos
  54 orcs
  2 ball pythons
  12 bats
  14 giant cockroaches
  11 goblins
  7 hobgoblins
  13 jackals
  25 kobolds
  4 quokkas
  A ball python skeleton (D:6)
  3 frilled lizards (D:2)
  A jackal skeleton (D:4)
  2 leopard gecko skeletons
  A quokka zombie (D:5)
  10 rats
  A fungus (Lair:3)
388 creatures vanquished.

Vanquished Creatures (collateral kills)
  Pikel (D:5)
  An elephant (Lair:2)
  A hippogriff (Lair:2)
  2 blink frogs (Lair:1)
  A basilisk (Lair:3)
  3 yaks
  A water moccasin (Lair:2)
  An orc warrior (D:7)
  3 slaves (D:5)
  An ice beast (D:9)
  2 centaurs (Lair:4)
  3 ogres
  A crocodile (Lair:1)
  The ghost of p0werm0de the Skirmisher, an amateur VSWn (D:3)
  A big kobold (D:10)
  3 bullfrogs
  A water moccasin skeleton (D:7)
  A killer bee (Lair:4)
  An electric eel (Lair:1)
  A howler monkey (D:5)
  An orc priest (D:10)
  2 jellies
  2 worker ants
  An orc wizard (D:10)
  3 orcs
  A giant cockroach (D:8)
  A goblin (D:3)
  A jackal (D:10)
  2 kobolds
44 creatures vanquished.

Vanquished Creatures (others)
  2 fire vortices (D:8)
  4 plants (Lair:4)
6 creatures vanquished.

Grand Total: 438 creatures vanquished

Notes
Turn   | Place    | Note
-------+----------+-------------------------------------------
     0 | D:1      | vev the Vampire Fire Elementalist began the quest for the Orb.
     0 | D:1      | Reached XP level 1. HP: 13/13 MP: 3/3
   446 | D:1      | Reached XP level 2. HP: 19/19 MP: 3/5
   797 | D:1      | Reached skill level 3 in Spellcasting
  1168 | D:1      | Reached XP level 3. HP: 24/24 MP: 3/7
  1856 | D:1      | Learned a level 3 spell: Conjure Flame
  2149 | D:2      | Reached skill level 1 in Conjurations
  2580 | D:2      | Reached XP level 4. HP: 15/30 MP: 1/8
  3077 | D:2      | Reached skill level 2 in Conjurations
  3221 | D:2      | Learned a level 4 spell: Sticky Flame
  3226 | D:2      | Reached XP level 5. HP: 28/35 MP: 4/9
  3529 | D:2      | Reached skill level 3 in Fire Magic
  3706 | D:2      | Found an ancient bone altar of Kikubaaqudgha.
  3710 | D:2      | Found a deep blue altar of Sif Muna.
  3714 | D:2      | Found a radiant altar of Vehumet.
  3729 | D:2      | Identified Sif Muna's Volume of Calling
  3738 | D:2      | Learned a level 1 spell: Summon Butterflies
  3833 | D:2      | Became a worshipper of Kikubaaqudgha
  3917 | D:3      | Found a glowing silver altar of Zin.
  3917 | D:3      | Found a glowing golden altar of the Shining One.
  4309 | D:3      | Noticed p0werm0de's ghost (amateur VSWn)
  4312 | D:3      | dayam
  4689 | D:4      | Reached skill level 1 in Fighting
  5360 | D:4      | Found a staircase to the Ecumenical Temple.
  5374 | Temple   | Entered the Ecumenical Temple
  5742 | D:4      | Reached skill level 2 in Fighting
  5759 | D:4      | Reached skill level 4 in Stealth
  5880 | D:4      | wtf quokka
  6161 | D:4      | Reached XP level 6. HP: 44/44 MP: 8/10
  6237 | D:5      | Entered Level 5 of the Dungeon
  6243 | D:5      | Reached skill level 5 in Stealth
  6308 | D:5      | Learned a level 2 spell: Call Imp
  6314 | D:5      | Noticed a water moccasin
  6345 | D:5      | Killed a water moccasin
  6345 | D:5      | Reached skill level 6 in Stealth
  6397 | D:5      | Reached skill level 7 in Stealth
  6476 | D:5      | Noticed Sigmund
  6543 | D:5      | Reached XP level 7. HP: 50/50 MP: 11/11
  7322 | D:5      | Reached skill level 2 in Summonings
  7455 | D:5      | Reached skill level 3 in Summonings
  7594 | D:5      | Reached skill level 8 in Stealth
  7766 | D:5      | Reached skill level 9 in Stealth
  7960 | D:5      | Reached skill level 10 in Stealth
  7960 | D:5      | Reached XP level 8. HP: 24/56 MP: 2/12
  8359 | D:5      | Noticed Pikel
  8398 | D:5      | Noticed Menkaure
  8512 | D:6      | Noticed Dowan
  8604 | D:6      | Reached skill level 3 in Fighting
  8906 | D:6      | Reached skill level 4 in Fighting
  9022 | D:6      | Reached skill level 2 in Long Blades
  9237 | D:7      | Reached * piety under Kikubaaqudgha
  9237 | D:7      | Identified Kikubaaqudgha's Tome of Stolen Souls (Kikubaaqudgha gifted it to you on level 7 of the Dungeon)
  9237 | D:7      | Received a gift from Kikubaaqudgha
  9368 | D:7      | Reached skill level 3 in Long Blades
  9591 | D:7      | Reached skill level 4 in Long Blades
 10172 | D:8      | Found Faemotoh's Elemental Accessories.
 10586 | D:8      | Noticed a hornet
 10586 | D:8      | Noticed a hornet
 10590 | D:8      | Noticed a hornet
 10593 | D:8      | HP: 1/60 [hornet (16)]
 10732 | D:8      | Noticed Maurice
 10750 | D:8      | Killed Maurice
 10750 | D:8      | Reached skill level 4 in Spellcasting
 10750 | D:8      | Reached XP level 9. HP: 57/65 MP: 3/15
 10819 | D:8      | Found a shadowy altar of Dithmenos.
 10968 | D:8      | Reached skill level 5 in Spellcasting
 11857 | D:7      | Reached skill level 5 in Long Blades
 12112 | D:7      | Got a heavily runed lead ring
 12113 | D:7      | Identified the ring of Xapuangy {rN+ Str+2} (You found it on level 7 of the Dungeon)
 12394 | D:6      | Noticed Duvessa
 12404 | D:6      | Killed Duvessa
 12408 | D:6      | Killed Dowan
 12408 | D:6      | Reached skill level 6 in Long Blades
 13277 | D:5      | Killed Pikel
 13277 | D:5      | Reached skill level 7 in Long Blades
 13368 | D:5      | Killed Menkaure
 13465 | D:5      | Learned a level 3 spell: Vampiric Draining
 13684 | D:5      | Reached skill level 1 in Necromancy
 13749 | D:5      | Killed Sigmund
 13749 | D:5      | Reached skill level 2 in Necromancy
 14162 | D:3      | Reached ** piety under Kikubaaqudgha
 14350 | D:3      | Killed p0werm0de's ghost
 14944 | D:8      | Reached skill level 3 in Necromancy
 14944 | D:8      | Reached XP level 10. HP: 28/71 MP: 1/18
 15514 | D:8      | Found a basalt altar of Yredelemnul.
 15518 | D:8      | Found a shimmering altar of Xom.
 15703 | D:8      | Learned a level 3 spell: Call Canine Familiar
 15970 | D:7      | Reached skill level 8 in Long Blades
 16564 | D:9      | Reached skill level 1 in Evocations
 16648 | D:9      | Found a white marble altar of Elyvilon.
 16700 | D:9      | Reached skill level 2 in Evocations
 16716 | D:9      | Reached *** piety under Kikubaaqudgha
 16716 | D:9      | Identified Kikubaaqudgha's Handbook of Necromancy (Kikubaaqudgha gifted it to you on level 9 of the Dungeon)
 16716 | D:9      | Received a gift from Kikubaaqudgha
 16869 | D:9      | Reached skill level 3 in Evocations
 17292 | D:10     | Entered Level 10 of the Dungeon
 17407 | D:10     | Reached skill level 1 in Shields
 17795 | D:10     | Reached skill level 2 in Shields
 17936 | D:10     | Found a staircase to the Orcish Mines.
 18123 | D:10     | Reached skill level 3 in Shields
 18321 | D:10     | Reached skill level 4 in Shields
 18375 | D:10     | Reached **** piety under Kikubaaqudgha
 18390 | D:10     | Reached skill level 3 in Dodging
 18472 | D:10     | Reached skill level 4 in Dodging
 18695 | D:10     | Reached skill level 5 in Dodging
 19557 | D:10     | Reached skill level 6 in Dodging
 19951 | D:11     | Reached XP level 11. HP: 74/77 MP: 6/19
 19953 | D:11     | Reached skill level 7 in Dodging
 20182 | D:11     | Found a staircase to the Lair.
 20297 | D:11     | Noticed Urug
 20378 | D:11     | Killed Urug
 20378 | D:11     | Reached skill level 8 in Dodging
 20993 | D:12     | Noticed Frances
 21049 | Lair:1   | Entered Level 1 of the Lair of Beasts
 21133 | Lair:1   | Noticed an eight-headed hydra
 21203 | Lair:1   | Killed an eight-headed hydra
 21203 | Lair:1   | Reached skill level 9 in Dodging
 21730 | Lair:1   | Learned a level 1 spell: Apportation
 21745 | Lair:1   | You fall through a shaft!
 21852 | Lair:1   | Reached skill level 10 in Dodging
 22086 | Lair:1   | Reached ***** piety under Kikubaaqudgha
 22787 | Lair:1   | Reached skill level 9 in Long Blades
 23374 | Lair:2   | Reached skill level 10 in Long Blades
 23508 | Lair:2   | Reached XP level 12. HP: 74/83 MP: 2/20
 23659 | Lair:2   | Noticed Harold
 23988 | Lair:2   | Reached skill level 11 in Long Blades
 24056 | Lair:2   | Killed Harold
 24423 | Lair:3   | Found a frozen archway.
 24467 | IceCv    | Entered an ice cave
 24597 | IceCv    | Reached skill level 12 in Long Blades
 24986 | IceCv    | Noticed an ice dragon
 24986 | IceCv    | Noticed an ice dragon
 24995 | IceCv    | Killed an ice dragon
 25015 | IceCv    | Killed an ice dragon
 25448 | Lair:3   | Noticed Sonja
 25460 | Lair:3   | Killed Sonja
 25460 | Lair:3   | Reached skill level 13 in Long Blades
 26109 | Lair:4   | Found a staircase to the Shoals.
 26138 | Lair:4   | Reached skill level 14 in Long Blades
 26151 | Lair:4   | HP: 5/83 [meliai/divine providence (15)]
 26151 | Lair:4   | Killed from afar by a meliai

Vault maps used:
D:1:      nagdon_arrival_zigzag_paths
D:2:      cheibrodos_pilgrimage, grunt_temple_overflow_magic_moments
D:3:      amethyst_overflow_temple_binary
D:4:      temple_pool_b, first_bread, minmay_misc_feat_alley, minmay_surrounded
D:5:      minmay_checkerbox, uniq_sigmund, uniq_menkaure, uniq_pikel
D:6:      uniq_duvessa
D:8:      grunt_dithmenos_smoke, minitemple,
          chequers_temple_overflow_minitemple, hangedman_pestilent_swarm,
          minmay_strange_pillars, nicolae_elemental_shop, uniq_maurice
D:9:      lemuel_doored_altar, minmay_strange_pillars
D:10:     erik_orc_3
D:11:     lair_entry_dummy, minmay_misc_feat_doors, kennysheep_generic_room_13,
          uniq_urug
D:12:     enter_trove_0, basic_altar, introduction_to_nature_2, uniq_frances,
          uniq_gastronok, uniq_snorg
Temple:   grunt_temple_mini_profane
Lair:1:   st_stairs_12, serial_bayou_shore_a
Lair:2:   uniq_harold
Lair:3:   portal_ice_cave_demonic_guard, uniq_sonja
Lair:4:   minmay_shoals_entry_centaurs, nicolae_spider_entry_tight_spaces,
          special_room, gammafunk_lair_bear_cave
IceCv:    ice_cave_small_dragons

Skill      XL: |  1  2  3  4  5  6  7  8  9 10 11 12 |
---------------+-------------------------------------+-----
Spellcasting   | 3 4 5 |  5.9
Conjurations   | 1 2 |  2.3
Fire Magic     | 3 |  3.0
Fighting       | 2 4 |  4.1
Stealth        | 4 7 10 | 10.3
Summonings     | 3 |  3.2
Long Blades    | 4 7 8 10 14 | 14.0
Necromancy     | 3 |  3.9
Evocations     | 3 |  3.0
Shields        | 4 |  4.0
Dodging        | 6 10 | 10.7

Action                   |  1- 3 |  4- 6 |  7- 9 | 10-12 || total
-------------------------+-------+-------+-------+-------++-------
Melee: Dagger            |    26 |    54 |   159 |   534 ||   773
       Unarmed           |     8 |     1 |       |       ||     9
       Bite              |     5 |     1 |    23 |    93 ||   122
       Demon blade       |       |       |    62 |   337 ||   399
 Cast: Flame Tongue      |    75 |    89 |   162 |     6 ||   332
       Conjure Flame     |     1 |    10 |    30 |    19 ||    60
       Call Imp          |       |       |    54 |    53 ||   107
       Sticky Flame      |       |       |     3 |       ||     3
       Vampiric Draining |       |       |     3 |    34 ||    37
       Call Canine Famil |       |       |       |    60 ||    60
 Abil: End Transformatio |     2 |     6 |     6 |    12 ||    26
       Bat Form          |     2 |     6 |     6 |    12 ||    26
Evoke: Wand              |       |       |     5 |    19 ||    24
       Fan of gales      |       |       |       |     1 ||     1
  Use: Potion            |       |     7 |    16 |    17 ||    40
       Scroll            |       |       |     8 |     6 ||    14
 Stab: Sleeping          |    11 |    19 |    24 |    54 ||   108
       Distracted        |       |       |     4 |     7 ||    11
       Confused          |       |       |     2 |    12 ||    14
Armor: Robe              |    16 |    21 |    10 |    77 ||   124
       Leather armour    |       |       |    26 |    26 ||    52
Dodge: Dodged            |    50 |    64 |   110 |   371 ||   595
Block: Buckler           |       |       |    12 |   153 ||   165
       Rpst.: Demon blade |       |       |    13 |    48 ||    61
